 Dungeon Crawl Stone Soup version 0.20.1-1-g8b1a95d (webtiles) character file.

229 Monsterracer the Vandal (level 5, -1/26 HPs)
             Began as a Spriggan Arcane Marksman on Oct 29, 2017.
             Killed by divine providence
             ... invoked by an orc priest
              (12 damage)
             ... on level 2 of the Dungeon.
             The game lasted 00:25:20 (6145 turns).

Monsterracer the Vandal (Spriggan Arcane Marksman)  Turns: 6145, Time: 00:25:20

Health: -1/26      AC:  2    Str:  7    XL:     5   Next: 71%
Magic:  0/8        EV: 20    Int: 14    God:
Gold:   166        SH:  0    Dex: 17    Spells: 1/7 levels left

rFire    . . .     SeeInvis +   a - +0 hunting sling
rCold    . . .     Gourm    .   (shield restricted)
rNeg     . . .     Faith    .   h - +0 robe
rPois    .         Spirit   +   (helmet restricted)
rElec    .         Reflect  .   t - scarf {cloud immunity}
rCorr    .         Harm     .   (gloves unavailable)
MR       .....                  (boots unavailable)
Stlth    ++........             m - amulet of guardian spirit
Regen    0.1/turn               (no ring)
MPRegen  0.2/turn               (no ring)

@: portal projectile, very quick
A: unfitting armour, see invisible, herbivore 3, speed 3, slow metabolism 2
a: Cancel Portal Projectile


You were on level 2 of the Dungeon.
You were not hungry.

You visited 1 branch of the dungeon, and saw 3 of its levels.

You collected 166 gold pieces.

Inventory:

Hand Weapons
 a - a +0 hunting sling (weapon)
 b - a +0 short sword
 o - a cursed -3 mace
 w - a +1 morningstar of protection
Missiles
 e - 72 stones (quivered)
Armour
 h - a +0 robe (worn)
 t - a scarf of cloud immunity (worn)
Jewellery
 m - an amulet of guardian spirit (around neck)
Scrolls
 g - 2 scrolls of identify {unknown}
 i - a scroll of noise {unknown}
 k - a scroll of blinking {unknown}
 l - a scroll of amnesia {unknown}
 q - a scroll of remove curse {unknown}
 r - a scroll of immolation {unknown}
 s - a scroll of magic mapping {unknown}
Potions
 j - a potion of curing {unknown}
 p - 2 potions of invisibility {unknown}
 u - a potion of mutation {unknown}
 v - a potion of ambrosia {unknown}
Books
 c - a book of Debilitation

   Spells                             Type                      Level
   a - Corona                         Hexes                        1
   b - Slow                           Hexes                        2
   c - Inner Flame                    Hexes/Fire                   3
   d - Portal Projectile              Hexes/Translocation          3
   e - Cause Fear                     Hexes                        4
   f - Leda's Liquefaction            Hexes/Earth                  4
Comestibles
 f - 2 bread rations


   Skills:
 + Level 2.3 Fighting
 * Level 5.3 Slings
 + Level 4.8 Dodging
 + Level 1.6 Spellcasting
 - Level 3.9 Hexes


You had one spell level left.
You knew the following spells:

 Your Spells              Type           Power        Failure   Level  Hunger
a - Corona                Hex            ##.....      4%          1    ##.....
b - Slow                  Hex            ##......     8%          2    ###....
c - Portal Projectile     Hex/Tloc       #.....       32%         3    ####...


Dungeon Overview and Level Annotations

Branches:
Dungeon (3/15)

Altars:
Dithmenos
Trog

Annotations:
D:3 Berahthraban's ghost, amateur DgTm


Innate Abilities, Weirdness & Mutations

You are very small and have problems with some larger weapons.
You are too small for most types of armour.
You have supernaturally acute eyesight. (SInv)
You are a herbivore.
You cover ground extremely quickly.
You need consume almost no food.


Message History

Unknown command.
Unknown command.
* * * LOW HITPOINT WARNING * * *
You feel sick.
There is a stone staircase leading down, spattered with blood here.
Unknown command.
Unknown command.
Unknown command.
Unknown command.
There is a stone staircase leading down, spattered with blood here.
Unknown command.
Unknown command.
There is a stone staircase leading down, spattered with blood here.
Unknown command.
* * * LOW HITPOINT WARNING * * *
You feel sick.
You are no longer poisoned.
There is a stone staircase leading down, spattered with blood here.
You start resting.
A kobold comes into view. It is wielding a short sword.
b - a +0 short sword (weapon)
The kobold completely misses you.
You closely miss the kobold. The kobold barely misses you.
You hit the kobold.
The kobold is moderately wounded.
The kobold hits you with a short sword.
You closely miss the kobold.
The kobold is moderately wounded.
The kobold completely misses you.
You barely miss the kobold.
The kobold is moderately wounded.
The kobold barely misses you.
You completely miss the kobold.
The kobold is moderately wounded.
The kobold misses you.
You closely miss the kobold.
The kobold is moderately wounded.
The kobold closely misses you.
You hit the kobold.
You kill the kobold!
You see here a short sword.
There is a stone staircase leading down, spattered with blood here.
You start resting.
Magic restored.
Unknown command.
You start resting.
HP restored.
Okay, then.
You climb downwards.
Level annotation: Berahthraban's ghost, amateur DgTm
There is a stone staircase leading up here.
a - a +0 hunting sling (weapon)
Firing (i - inventory. (,) - cycle):
e - 75 stones (quivered)
Press: ? - help, Shift-Dir - straight line, f - orc priest
Aim: an orc priest, wielding a dagger of electrocution You shoot a stone.
The stone hits the orc priest.
The orc priest is lightly wounded.
The orc priest hits you with a dagger of electrocution.
You climb upwards.
There is a stone staircase leading down, spattered with blood here.
The orc priest miscasts a cantrip.
Firing (i - inventory. (,) - cycle):
e - 74 stones (quivered)
Press: ? - help, Shift-Dir - straight line, f - orc priest
Aim: an orc priest, wielding a dagger of electrocution (lightly wounded)
You shoot a stone. The stone barely misses the orc priest.
The orc priest mumbles some strange prayers to Beogh against you.
Beogh smites you!
Quiver which item? (- for none, * to show all) (? for menu, Esc to quit)
Quivering
d - a sling bullet for slings.
Firing (i - inventory. (,) - cycle):
d - a sling bullet (quivered)
Press: ? - help, Shift-Dir - straight line, f/p - orc priest
Aim: an orc priest, wielding a dagger of electrocution (lightly wounded)
You shoot a sling bullet. The sling bullet hits the orc priest.
The orc priest is lightly wounded.
Firing (i - inventory):
e - 73 stones (quivered)
Press: ? - help, Shift-Dir - straight line, f/p - orc priest
Aim: an orc priest, wielding a dagger of electrocution (lightly wounded)
You shoot a stone. The stone hits the orc priest.
The orc priest is moderately wounded.
The orc priest mumbles some strange prayers to Beogh against you.
Beogh smites you!
* * * LOW HITPOINT WARNING * * *
A bat comes into view.
The bat moves out of view.
Really attack while wielding your +0 hunting sling?
Okay, then.
The bat hits you but does no damage. The bat completely misses you.
The bat barely misses you. The bat closely misses you.
Casting: Corona
Confirm with . or Enter, or press ? or * to list all spells.
Okay, then.
Casting: Corona
Confirm with . or Enter, or press ? or * to list all spells.
You begin teleporting projectiles to their destination.
The bat completely misses you. The bat misses you.
The orc priest mumbles some strange prayers to Beogh against you.
Beogh smites you!
You die...

#.).##.# #.# #.... #......# #.#
#.#.. #.#.########.### #.#..
#..............# #.##.
##...........#.# #....
################.#########.
#....................o..(.(
#.##############o##########
#####.#######.@b...............
#.............######.####.#####
#.###.######### #.# #.# #.# #.#
#.# #.# #.# #.# #.# #.# #.# #.#
##.####.# ###.###.# #.......#
........# ######### ###.###.#


You could see an orc priest and a bat.

Vanquished Creatures
  2 orc priests
  5 adders
  2 oozes (D:1)
  A worm (D:2)
  A dart slug (D:1)
  4 leopard geckos
  8 orcs
  6 giant cockroaches
  11 goblins
  10 hobgoblins
  6 jackals (D:1)
  11 kobolds
  A quokka (D:3)
  A ball python (D:1)
  12 bats
  7 frilled lizards
  9 rats
97 creatures vanquished.

Notes
Turn   | Place    | Note
-------+----------+-------------------------------------------
     0 | D:1      | Monsterracer the Spriggan Arcane Marksman began the quest for the Orb.
     0 | D:1      | Reached XP level 1. HP: 9/9 MP: 3/3
    77 | D:1      | HP: 4/9 [rat (1)]
   309 | D:1      | Reached skill level 1 in Fighting
   363 | D:1      | Reached XP level 2. HP: 8/14 MP: 5/5
   448 | D:1      | HP: 7/14 [ooze (3)]
   750 | D:1      | HP: 7/14 [hobgoblin (2)]
   759 | D:1      | Reached skill level 3 in Slings
   774 | D:1      | HP: 6/14 [giant cockroach (2)]
   783 | D:1      | HP: 3/14 [giant cockroach (2)]
   876 | D:1      | Learned a level 2 spell: Slow
   877 | D:1      | HP: 4/14 [hobgoblin (2)]
  1201 | D:1      | HP: 7/14 [jackal (2)]
  1203 | D:1      | Reached XP level 3. HP: 6/18 MP: 6/6
  1238 | D:1      | HP: 7/18 [bat (1)]
  1410 | D:1      | HP: 8/18 [leopard gecko (4)]
  1869 | D:1      | HP: 9/18 [goblin (3)]
  1886 | D:1      | HP: 9/18 [goblin (1)]
  2387 | D:1      | HP: 9/18 [jackal (1)]
  2908 | D:2      | Reached XP level 4. HP: 23/23 MP: 7/7
  2964 | D:2      | Reached skill level 4 in Slings
  4444 | D:3      | Noticed Berahthraban's ghost (amateur DgTm)
  4663 | D:3      | HP: 11/23 [hobgoblin/club (3)]
  4710 | D:3      | HP: 11/23 [leopard gecko (2)]
  4721 | D:3      | HP: 9/23 [kobold/dagger (2)]
  4979 | D:3      | Reached XP level 5. HP: 26/26 MP: 8/8
  4984 | D:3      | Learned a level 3 spell: Portal Projectile
  5010 | D:3      | Found a bloodstained altar of Trog.
  5010 | D:3      | Found a shadowy altar of Dithmenos.
  5142 | D:2      | HP: 13/26 [orc priest/hand axe (4)]
  5149 | D:2      | HP: 11/26 [orc/hand axe (3)]
  5183 | D:2      | HP: 10/26 [adder (3)]
  5511 | D:3      | Reached skill level 5 in Slings
  5657 | D:3      | HP: 7/26 [orc priest/divine providence (9)]
  5718 | D:2      | HP: 9/26 [adder (3)]
  5724 | D:2      | HP: 5/26 [poisoned by an adder]
  5731 | D:2      | HP: 4/26 [poisoned by an adder]
  5741 | D:2      | HP: 2/26 [poisoned by an adder]
  5747 | D:2      | HP: 2/26 [poisoned by an adder]
  5754 | D:2      | HP: 1/26 [poisoned by an adder]
  6132 | D:2      | HP: 11/26 [orc priest/divine providence (6)]
  6145 | D:2      | Killed from afar by an orc priest

Skill      XL: |  1  2  3  4  5 |
---------------+----------------+-----
Fighting       | 1 2 |  2.3
Slings         | 3 4 5 |  5.3
Dodging        | 4 |  4.8
Spellcasting   | |  1.6
Hexes          | |  3.9

Action                   |  1- 3 |  4- 6 || total
-------------------------+-------+-------++-------
Melee: Dagger            |   149 |       ||   149
       Short sword       |    98 |   168 ||   266
 Fire: Hunting sling     |    24 |    99 ||   123
 Cast: Corona            |    19 |    10 ||    29
       Portal Projectile |       |     2 ||     2
 Stab: Sleeping          |     2 |     5 ||     7
       Distracted        |       |     1 ||     1
  Eat: Bread ration      |     1 |       ||     1
Armor: Robe              |    35 |    16 ||    51
Dodge: Dodged            |   225 |   215 ||   440

Vault maps used:
D:1:      mushboom_english_gardens, grunt_decor_mini_mirrors
D:3:      chequers_temple_overflow_minitemple, first_bread
